[Event "Wch u20 girls"]
[Site "Kocaeli"]
[Date "2013.09.22"]
[Round "9.1"]
[White "Bulmaga, Irina"]
[Black "Kashlinskaya, Alina"]
[Result "1-0"]
[ECO "C88"]
[WhiteElo "2410"]
[BlackElo "2390"]
[PlyCount "65"]
[EventDate "2013.09.??"]
[EventType "swiss"]
[EventRounds "13"]
[EventCountry "TUR"]
[Source "CBase R.Goldau"]
[SourceDate "2000.03.01"]
[TimeControl "40/5400+30:1800+30"]

1. e4 e5 2. Nf3 Nc6 3. Bb5 a6 4. Ba4 Nf6 5. O-O Be7 6. Re1 b5 7. Bb3 O-O 8. h3 Bb7 9. c3 d5 10. exd5 Nxd5 11. d3 f6 12. Nbd2 Kh8 13. Nf1 Qd7 14. Bc2 Rad8 15. Bd2 f5 16. Nxe5 Nxe5 17. Rxe5 Bd6 18. Re1 Nf4 19. Bxf4 Bxf4 20. Bb3 Qxd3 21. Qh5 Qd7 22. Re6 Rde8 23. Rae1 Rxe6 24. Rxe6 c5 25. Re1 Qc6 26. f3 c4 27. Bc2 Bd6 28. Bxf5 Bc5+ 29. Kh1 g6 30. Bxg6 Qxg6 31. Qxc5 Rxf3 32. Qe5+ Rf6 33. Qb8+ 1-0

[Event "Wch u20 girls"]
[Site "Kocaeli"]
[Date "2013.09.22"]
[Round "9.2"]
[White "Abdumalik, Zhansaya"]
[Black "Goryachkina, Aleksandra"]
[Result "0-1"]
[ECO "B33"]
[WhiteElo "2277"]
[BlackElo "2409"]
[PlyCount "94"]
[EventDate "2013.09.??"]
[EventType "swiss"]
[EventRounds "13"]
[EventCountry "TUR"]
[Source "CBase R.Goldau"]
[SourceDate "2000.03.01"]
[TimeControl "40/5400+30:1800+30"]

1. e4 c5 2. Nf3 Nc6 3. d4 cxd4 4. Nxd4 e5 5. Nb5 d6 6. N1c3 Nf6 7. Bg5 a6 8.
Na3 b5 9. Nd5 Be7 10. Bxf6 Bxf6 11. c4 b4 12. Nc2 Rb8 13. Qd3 Bg5 14. Be2 O-O 15. O-O Be6 16. b3 Qd7 17. a3 bxa3 18. Rxa3 a5 19. Rd1 Qb7 20.
Bf3 Bd8 21. Nc3 Bb6 22. Nb5 Bc5 23. Raa1 Qb6 24. Rd2 Kh8 25. Qe2 Rbd8 26. Rad1 Ne7 27. Ne1 Nc6 28. Nc2 Na7 29. Nxa7 Qxa7 30. Ne3 g6 31. Ra2 Qb6 32. Qd3 f5 33. Nd5 Bxd5 34. Qxd5 fxe4 35. Qxe4 Qxb3 36. Rxa5 Bxf2+ 37. Kh1 Qc3 38. Ra2 Bc5 39. Rc2 Qb3 40. h3 Rf4 41. Qe2 Rdf8 42. Rd3 Qa4 43. Rdd2 e4 44. Bxe4 Qa1+ 45. Rd1 Rf1+ 46. Rxf1 Rxf1+ 47. Kh2 Qe5+ 0-1

[Event "Wch u20 girls"]
[Site "Kocaeli"]
[Date "2013.09.22"]
[Round "9.3"]
[White "Arabidze, Meri"]
[Black "Padmini, Rout"]
[Result "1/2-1/2"]
[ECO "E97"]
[WhiteElo "2332"]
[BlackElo "2312"]
[PlyCount "105"]
[EventDate "2013.09.??"]
[EventType "swiss"]
[EventRounds "13"]
[EventCountry "TUR"]
[Source "CBase R.Goldau"]
[SourceDate "2000.03.01"]
[TimeControl "40/5400+30:1800+30"]

1. d4 Nf6 2. c4 g6 3. Nc3 Bg7 4. e4 d6 5. Nf3 O-O 6. Be2 e5 7. O-O Nc6 8. Be3 Ng4 9. Bg5 f6 10. Bc1 f5 11. Bg5 Qe8 12. Nb5 Qf7 13. d5 Nd8 14. exf5 gxf5 15. h3 a6 16. Nxd6 cxd6 17. hxg4 fxg4 18. Nd2 Qg6 19. Bh4 Nf7 20. c5 e4 21. Nc4 dxc5 22. d6 Be6 23. Ne3 Bd4 24. Bxg4 Nxd6 25. Bxe6+ Qxe6 26. Rc1 Rf7 27. Qh5 Qg6 28. Qd5 Nf5 29. Nxf5 Qxf5 30. Qxf5 Rxf5 31. Rfe1 Re8 32. Rc2 e3 33. fxe3 Rxe3 34. Rxe3 Bxe3+ 35. Kh2 Kf7 36. Kh3 Bd4 37. b3 b5 38. g4 Re5 39. Bg3 Re3 40. Kg2 Rd3 41. Bd6 Ke6 42. Bxc5 Bxc5 43. Rxc5 Rd2+ 44. Kf3 Rxa2 45. Rh5 Ra3 46. Ke4 Rxb3 47. Rh6+ Kf7 48. Rxa6 Rb1 49. Kf5 b4 50. Ra7+ Kg8 51. Ra8+ Kf7 52. Ra7+ Kg8 53. Ra8+ 1/2-1/2

[Event "Wch u20 girls"]
[Site "Kocaeli"]
[Date "2013.09.22"]
[Round "9.4"]
[White "Medina, Warda Aulia"]
[Black "Ibrahimova, Sabina"]
[Result "1/2-1/2"]
[ECO "B38"]
[WhiteElo "2301"]
[BlackElo "2168"]
[PlyCount "80"]
[EventDate "2013.09.??"]
[EventType "swiss"]
[EventRounds "13"]
[EventCountry "TUR"]
[Source "CBase R.Goldau"]
[SourceDate "2000.03.01"]
[TimeControl "40/5400+30:1800+30"]

1. e4 c5 2. Nf3 Nc6 3. d4 cxd4 4. Nxd4 g6 5. c4 Bg7 6. Be3 Nf6 7. Nc3 O-O 8.
Be2 b6 9. O-O Bb7 10. f3 e6 11. Qd2 d5 12. cxd5 exd5 13. Nxc6 Bxc6 14. e5 Ne8 15. f4 f6 16. Bd4 Nc7 17. Rad1 Qe7 18. exf6 Bxf6 19. Bf3 Rad8 20. Rfe1 Qf7 21. Be5 Bxe5 22. fxe5 d4 23. Ne4 Bxe4 24. Bxe4 Ne6 25. b4 Kg7 26. Bd3 Qe7 27. Re4 Rc8 28. h4 Rf5 29. Bc2 Rcf8 30.
Bb3 Rf4 31. Rde1 Qxh4 32. Rxf4 Nxf4 33. e6 Qg3 34. Qxd4+ Rf6 35. Qd7+ Kh6 36. Qd2 g5 37. Bd5 Nh3+ 38. Kh1 Nf2+ 39. Kg1 Nh3+ 40. Kh1 Nf2+ 1/2-1/2

[Event "Wch u20 girls"]
[Site "Kocaeli"]
[Date "2013.09.22"]
[Round "9.5"]
[White "Cori T, Deysi"]
[Black "Wang, Jue"]
[Result "1-0"]
[ECO "E81"]
[WhiteElo "2434"]
[BlackElo "2392"]
[PlyCount "101"]
[EventDate "2013.09.??"]
[EventType "swiss"]
[EventRounds "13"]
[EventCountry "TUR"]
[Source "CBase R.Goldau"]
[SourceDate "2000.03.01"]
[TimeControl "40/5400+30:1800+30"]

1. d4 Nf6 2. c4 g6 3. Nc3 Bg7 4. e4 d6 5. f3 O-O 6. Be3 c5 7. Nge2 Nc6 8.
Qd2 Qa5 9. Rd1 a6 10. a3 Rd8 11. dxc5 dxc5 12. Nd5 Qxd2+ 13. Rxd2 Nd7 14. b4 e6 15. Nc7 Rb8 16. b5 Na5 17. Bxc5 Nb3 18. Be7 Nxd2 19. Bxd8 Nxc4 20. a4 Nde5 21. Nd4 Bd7 22. Be7 Rc8 23. bxa6 Rxc7 24. a7 Rc8 25. f4 Ng4 26. e5 Nge3 27. Kf2 Nd5 28. Bxc4 Nxe7 29. Rb1 Bc6 30. Nxe6 Ra8 31. Ng5 Rxa7 32. Rd1 Bf8 33. Bxf7+ Kg7 34. Bc4 Rxa4 35. Ne6+ Kh6 36. Rd3 Kh5 37. Bb3 Ra1 38. Nxf8 Kg4 39. Ne6 Kf5 40. h3 h5 41. Rd4 g5 42. Nxg5 Rc1 43. Nf7 Rc3 44. Nd6+ Kg6 45.
Bd1 h4 46. f5+ Kh7 47. Rxh4+ Kg8 48. f6 Ng6 49. Rg4 Kh7 50. e6 Rd3 51. f7 1-0

[Event "Wch u20 girls"]
[Site "Kocaeli"]
[Date "2013.09.22"]
[Round "9.6"]
[White "Saduakassova, Dinara"]
[Black "Gevorgyan, Maria"]
[Result "1-0"]
[ECO "E35"]
[WhiteElo "2326"]
[BlackElo "2143"]
[PlyCount "101"]
[EventDate "2013.09.??"]
[EventType "swiss"]
[EventRounds "13"]
[EventCountry "TUR"]
[Source "CBase R.Goldau"]
[SourceDate "2000.03.01"]
[TimeControl "40/5400+30:1800+30"]

1. d4 Nf6 2. c4 e6 3. Nc3 Bb4 4. Qc2 d5 5. cxd5 exd5 6. Bg5 c5 7. dxc5 h6 8.
Bh4 g5 9. Bg3 Ne4 10. e3 Qa5 11. Rc1 Bf5 12. Bxb8 Rxb8 13. Bd3 Nxc3 14. bxc3 Bxd3 15. Qxd3 Qxc5 16. Ne2 Ba3 17. Rd1 Rd8 18. h4 g4 19. Nf4 Qc4 20. Nxd5 Qxd3 21. Rxd3 f5 22. Ke2 Kf7 23. Rhd1 Rhe8 24. Nc7 Rxd3 25. Rxd3 Re7 26. Nb5 Bc5 27. Rd5 b6 28. Rxf5+ Kg6 29. Rd5 g3 30. h5+ Kf6 31. Nd4 Bxd4 32. Rxd4 gxf2 33. Kxf2 Re5 34. g4 Ke6 35. Ra4 a5 36. Kf3 Rb5 37. Re4+ Kf6 38. Rd4 Ke7 39. Re4+ Kf7 40. Rc4 Rb2 41. a4 Rb1 42. Rc6 Kg7 43. Kf4 b5 44. axb5 Rxb5 45.
Rc7+ Kg8 46. e4 a4 47. Ra7 Rc5 48. Rxa4 Rxc3 49. Ra7 Rc5 50. e5 Rc1 51. Ke4 1-0

[Event "Wch u20 girls"]
[Site "Kocaeli"]
[Date "2013.09.22"]
[Round "9.7"]
[White "Enkhtuul, Altanulzii"]
[Black "Khademalsharieh, Sarasadat"]
[Result "1/2-1/2"]
[ECO "E05"]
[WhiteElo "2202"]
[BlackElo "2303"]
[PlyCount "68"]
[EventDate "2013.09.??"]
[EventType "swiss"]
[EventRounds "13"]
[EventCountry "TUR"]
[Source "CBase R.Goldau"]
[SourceDate "2000.03.01"]
[TimeControl "40/5400+30:1800+30"]

1. d4 Nf6 2. Nf3 e6 3. g3 d5 4. c4 Be7 5. Bg2 O-O 6. O-O dxc4 7. Ne5 Nc6 8. Nxc6 bxc6 9. Na3 Bxa3 10. bxa3 Ba6 11. Bxc6 Rb8 12. a4 Qd6 13. Bg2 Nd5 14. e4 Nc3 15. Qg4 f5 16.
exf5 exf5 17. Qf3 Qxd4 18. Be3 Qf6 19. Bg5 Qxg5 20. Qxc3 f4 21.
Rad1 Rbd8 22. Be4 Qc5 23. Rxd8 Rxd8 24. gxf4 Qd4 25. Qf3 c3 26. Rc1 Bd3 27. Bxd3 Qxd3 28. Rxc3 Qg6+ 29. Kh1 Qb1+ 30. Kg2 Qg6+ 31. Qg3 Qe4+ 32. Qf3 Qg6+ 33. Qg3 Qe4+ 34. Qf3 Qg6+ 1/2-1/2

[Event "Wch u20 girls"]
[Site "Kocaeli"]
[Date "2013.09.22"]
[Round "9.8"]
[White "Hejazipour, Mitra"]
[Black "Xiao, Yiyi"]
[Result "1-0"]
[ECO "D38"]
[WhiteElo "2256"]
[BlackElo "2163"]
[PlyCount "109"]
[EventDate "2013.09.??"]
[EventType "swiss"]
[EventRounds "13"]
[EventCountry "TUR"]
[Source "CBase R.Goldau"]
[SourceDate "2000.03.01"]
[TimeControl "40/5400+30:1800+30"]

1. d4 Nf6 2. Nf3 e6 3. c4 d5 4. Nc3 Bb4 5. Bg5 h6 6. Bxf6 Qxf6 7. Rc1 O-O 8. a3 Bxc3+ 9. Rxc3 Rd8 10. Qc2 Nc6 11. cxd5 exd5 12. e3 Bf5 13. Qb3 Ne7 14. Be2 c6 15. O-O Bg4 16. Qc2 Ng6 17. Ne1 Bd7 18. Qb3 b6 19.
Nd3 Re8 20. Qc2 Rac8 21. Rc1 Qg5 22. Qd1 Re7 23. Kh1 Rce8 24. Bf1 h5 25. Nb4 Re6 26. Nxc6 a5 27. f4 Qf6 28. Ne5 Nf8 29. Rc7 Qd8 30. Qxh5 R8e7 31. Bd3 Rh6 32. Qf3 Ne6 33. R7c3 g6 34. Ng4 Rh4 35. Nf6+ Kg7 36.
Nxd5 Re8 37. g3 Rh5 38. Nc7 Reh8 39. Nxe6+ Bxe6 40. R1c2 a4 41.
Rd2 Qd7 42. Be4 Qe7 43. Bc6 g5 44. f5 g4 45. f6+ Qxf6 46. Qxf6+ Kxf6 47. e4 Bb3 48. Rc1 Ke7 49. Rf1 Rd8 50. d5 f6 51. Rf4 Rg5 52. Kg1 Rg6 53.
Rd4 Kd6 54. Bxa4 Rc8 55. Rf2 1-0

[Event "Wch u20 girls"]
[Site "Kocaeli"]
[Date "2013.09.22"]
[Round "9.9"]
[White "Qiu, Mengjie"]
[Black "Styazhkina, Anna"]
[Result "1-0"]
[ECO "C63"]
[WhiteElo "2091"]
[BlackElo "2241"]
[PlyCount "73"]
[EventDate "2013.09.??"]
[EventType "swiss"]
[EventRounds "13"]
[EventCountry "TUR"]
[Source "CBase R.Goldau"]
[SourceDate "2000.03.01"]
[TimeControl "40/5400+30:1800+30"]

1. e4 e5 2. Nf3 Nc6 3. Bb5 f5 4. d4 fxe4 5. Nxe5 Nxe5 6. dxe5 c6 7. Be2 Qa5+ 8.
Bd2 Qxe5 9. Bh5+ Kd8 10. Bc3 Qg5 11. O-O Nf6 12. Be2 d5 13. Bd2 Qg6 14. Bf4 Bc5 15. c4 Ke7 16. Nc3 Rd8 17. cxd5 cxd5 18. Nb5 Bf5 19. Rc1 Rac8 20. Kh1 Bb6 21. Qb3 Kf8 22. Rxc8 Bxc8 23. f3 Kg8 24. Nd6 Be6 25. Nxb7 Rd7 26. Nd6 Bc7 27. fxe4 Rxd6 28. Qb7 Ne8 29. Bxd6 Bxd6 30. e5 Bf8 31. Qxa7 Qe4 32. Bb5 Qg6 33. Qb8 Bf7 34. Qc8 d4 35.
Rxf7 d3 36. Rf1 d2 37. Bc4+ 1-0

[Event "Wch u20 girls"]
[Site "Kocaeli"]
[Date "2013.09.22"]
[Round "9.10"]
[White "Derakhshani, Dorsa"]
[Black "Rodriguez Rueda, Paula Andrea"]
[Result "0-1"]
[ECO "B90"]
[WhiteElo "2078"]
[BlackElo "2228"]
[PlyCount "100"]
[EventDate "2013.09.??"]
[EventType "swiss"]
[EventRounds "13"]
[EventCountry "TUR"]
[Source "CBase R.Goldau"]
[SourceDate "2000.03.01"]
[TimeControl "40/5400+30:1800+30"]

1. e4 c5 2. Nf3 d6 3. d4 cxd4 4. Nxd4 Nf6 5. Nc3 a6 6. Be3 e5 7. Nf3 Be7 8. Bc4 O-O 9. O-O Nc6 10. Re1 Be6 11. Bd5 Rc8 12.
a3 b5 13. Qd3 Na5 14. Nd2 Qd7 15. Rad1 Nxd5 16. Nxd5 Bxd5 17. exd5 f5 18. Bb6 Nc4 19. Nxc4 bxc4 20. Qc3 Bf6 21. f3 Qb5 22. Qb4 Qd7 23. Be3 Rc7 24. b3 Rfc8 25. Qa5 cxb3 26. cxb3 e4 27. Qxa6 exf3 28. gxf3 Rc3 29. Rc1 Re8 30. Qb6 Qf7 31. Rxc3 Bxc3 32. Rc1 Qf6 33. Kh1 Bb2 34. Rg1 Qc3 35. Bf2 Qxf3+ 36. Rg2 Qd1+ 37. Bg1 Qxd5 38. Qc7 h6 39. a4 Kh8 40. Qc4 Qf3 41. Qc2 Bf6 42. Qf2 Qe4 43. Qc2 Qd5 44. Qd2 Qxb3 45. Qxd6 Qxa4 46. Qd5 f4 47. Bf2 Rd8 48. Qb7 Qc4 49.
h4 Qf1+ 50. Bg1 f3 0-1

[Event "Wch u20 girls"]
[Site "Kocaeli"]
[Date "2013.09.22"]
[Round "9.11"]
[White "Stetsko, Lanita"]
[Black "Imeeva, Aisa"]
[Result "1-0"]
[ECO "C96"]
[WhiteElo "2209"]
[BlackElo "2067"]
[PlyCount "95"]
[EventDate "2013.09.??"]
[EventType "swiss"]
[EventRounds "13"]
[EventCountry "TUR"]
[Source "CBase R.Goldau"]
[SourceDate "2000.03.01"]
[TimeControl "40/5400+30:1800+30"]

1. e4 e5 2. Nf3 Nc6 3. Bb5 a6 4. Ba4 Nf6 5. O-O Be7 6. Re1 b5 7. Bb3 d6 8. c3
O-O 9. h3 Na5 10. Bc2 c5 11.
d4 Nd7 12. b3 cxd4 13. cxd4 Nc6 14. Nc3 Nb6 15. Bb2 Bb7 16. a3 Re8 17. Nd5 Bf8 18. Ne3 g6 19. d5 Nb8 20. a4 bxa4 21. bxa4 a5 22. Qd2 Bh6 23.
Bd3 Ba6 24. Bc3 Bxd3 25. Qxd3 Bxe3 26. Qxe3 N8d7 27. Qh6 Qf6 28.
Reb1 Rec8 29. Qd2 Rc4 30. Bxa5 Rxa4 31. Rxa4 Nxa4 32. Nh2 Nac5 33. f3 h5 34. Nf1 Qe7 35. Ne3 Qg5 36. Nc4 Qxd2 37. Bxd2 Ra6 38. Ba5 Kf8 39. Bc7 Ke7 40. Na5 Nf6 41. Nc6+ Kd7 42. Bb6 Kc8 43. Bxc5 dxc5 44. Nxe5 Ra7 45. Rc1 Nd7 46. Nxf7 Kc7 47. e5 Kb6 48. Rb1+ 1-0

[Event "Wch u20 girls"]
[Site "Kocaeli"]
[Date "2013.09.22"]
[Round "9.12"]
[White "Zhai, Mo"]
[Black "Fronda, Jan Jodilyn"]
[Result "0-1"]
[ECO "B35"]
[WhiteElo "2319"]
[BlackElo "2038"]
[PlyCount "62"]
[EventDate "2013.09.??"]
[EventType "swiss"]
[EventRounds "13"]
[EventCountry "TUR"]
[Source "CBase R.Goldau"]
[SourceDate "2000.03.01"]
[TimeControl "40/5400+30:1800+30"]

1. e4 c5 2. Nf3 Nc6 3. d4 cxd4 4. Nxd4 g6 5. Nc3 Bg7 6. Be3 Nf6 7. Bc4 O-O 8. Bb3 a5 9. O-O a4 10. Nxa4 Nxe4 11. Nb5 d6 12. Qe2 Nf6 13. Rfe1 Ra6 14.
Rad1 Bd7 15. c4 Na5 16. Bc2 Be6 17. b3 Nc6 18. a3 Nd7 19. h4 h5 20. Bg5 Nde5 21. Rxd6 Qb8 22. Rxe6 fxe6 23. Nc5 Ng4 24. Qxe6+ Kh8 25. f4 Nd4 26. Nxa6 bxa6 27. Nxd4 Bxd4+ 28. Kh1 Rxf4 29. g3 Rf2 30. Re2 Qb7+ 31. Qe4 Rxe2 0-1

[Event "Wch u20 girls"]
[Site "Kocaeli"]
[Date "2013.09.22"]
[Round "9.13"]
[White "Sihite, Chelsie Monica"]
[Black "Karabayeva, Zhanna"]
[Result "1-0"]
[ECO "C52"]
[WhiteElo "2285"]
[BlackElo "2029"]
[PlyCount "69"]
[EventDate "2013.09.??"]
[EventType "swiss"]
[EventRounds "13"]
[EventCountry "TUR"]
[Source "CBase R.Goldau"]
[SourceDate "2000.03.01"]
[TimeControl "40/5400+30:1800+30"]

1. e4 e5 2. Nf3 Nc6 3. Bc4 Bc5 4. b4 Bxb4 5. c3 Ba5 6. d4 exd4 7. Qb3 Qf6 8. O-O Bb6 9. e5 Qg6 10.
cxd4 Nxd4 11. Nxd4 Bxd4 12. Nc3 Ne7 13. Ba3 Bxc3 14. Qxc3 Nc6 15. Rae1 b6 16. f4 Bb7 17. f5 Qg4 18. Bd5 O-O-O 19. Re4 Qh5 20. Bc1 g5 21. e6 fxe6 22. fxe6 Kb8 23. exd7 Rhf8 24. Bxc6 Rxf1+ 25. Kxf1 Bxc6 26. Qxc6 Qd1+ 27. Kf2 Rxd7 28. Bxg5 Rf7+ 29. Kg3 Rf8 30. Re8+ Rxe8 31. Qxe8+ Kb7 32. Qe4+ Kb8 33. Bf4 h5 34. h3 Qf1 35. Qe8+ 1-0

[Event "Wch u20 girls"]
[Site "Kocaeli"]
[Date "2013.09.22"]
[Round "9.14"]
[White "Saranya, J."]
[Black "Pavlidou, Ekaterini"]
[Result "0-1"]
[ECO "B31"]
[WhiteElo "2094"]
[BlackElo "2209"]
[PlyCount "86"]
[EventDate "2013.09.??"]
[EventType "swiss"]
[EventRounds "13"]
[EventCountry "TUR"]
[Source "CBase R.Goldau"]
[SourceDate "2000.03.01"]
[TimeControl "40/5400+30:1800+30"]

1. e4 c5 2. Nf3 Nc6 3. Bb5 Nf6 4. d3 g6 5. O-O Bg7 6. Nc3 a6 7. Bxc6 dxc6 8.
Be3 Nd7 9. Re1 e5 10. Na4 Qe7 11. c4 O-O 12. a3 Rd8 13. b4 cxb4 14. axb4 b5 15. Nc5 Nxc5 16. Bxc5 Qf6 17. Bb6 Re8 18. h3 Bf8 19. Rb1 Rb8 20. c5 Rb7 21. d4 exd4 22. e5 Qe6 23. Qxd4 Rd7 24. Qf4 Bg7 25. Rbd1 Rd5 26. Bc7 h6 27. Bd6 Rxd1 28. Rxd1 Qb3 29. Re1 Qe6 30. Rd1 Qb3 31. Re1 Be6 32. Ra1 Bd5 33. h4 Bxf3 34. gxf3 Qc3 35. Rxa6 Bxe5 36. Bxe5 Rxe5 37. Qxh6 Re8 38. Qf4 Qc4 39. Qd2 Qxh4 40. Rxc6 Re5 41. Rc8+ Kh7 42. Qc3 Rg5+ 43. Kf1 Qh3+ 0-1

[Event "Wch u20 girls"]
[Site "Kocaeli"]
[Date "2013.09.22"]
[Round "9.15"]
[White "Martinez, Ayelen"]
[Black "Bezgodova, Maria"]
[Result "1-0"]
[ECO "C96"]
[WhiteElo "2101"]
[BlackElo "2187"]
[PlyCount "79"]
[EventDate "2013.09.??"]
[EventType "swiss"]
[EventRounds "13"]
[EventCountry "TUR"]
[Source "CBase R.Goldau"]
[SourceDate "2000.03.01"]
[TimeControl "40/5400+30:1800+30"]

1. e4 e5 2. Nf3 Nc6 3. Bb5 a6 4. Ba4 Nf6 5. O-O Be7 6. Re1 b5 7. Bb3 d6 8. c3
O-O 9. h3 Na5 10. Bc2 c5 11. d4 Nd7 12. Nbd2 exd4 13. cxd4 Nc6 14. Nf1 cxd4 15.
Nxd4 Nxd4 16. Qxd4 Ne5 17. Ne3 Bxh3 18. f4 Nc6 19. Qd1 Be6 20.
f5 Bd7 21. Nd5 Ne5 22. Re3 Bg5 23. Rh3 g6 24. a4 Bc6 25. Raa3 Bxd5 26. Bxg5 Qxg5 27. Rag3 Qf6 28. Qxd5 Rac8 29. Qd1 Rfd8 30. axb5 axb5 31. Bb3 Rc7 32. Qh5 Kf8 33. Qxh7 g5 34. Rh6 Qg7 35. f6 Qxh7 36. Rxh7 Ke8 37. Rxg5 Rdc8 38. Be6 Rc1+ 39. Kh2 Ng6 40. Rh8+ 1-0

[Event "Wch u20 girls"]
[Site "Kocaeli"]
[Date "2013.09.22"]
[Round "9.16"]
[White "Miladinovic, Lena"]
[Black "Pujari, Rucha"]
[Result "1/2-1/2"]
[ECO "D36"]
[WhiteElo "2080"]
[BlackElo "2172"]
[PlyCount "140"]
[EventDate "2013.09.??"]
[EventType "swiss"]
[EventRounds "13"]
[EventCountry "TUR"]
[Source "CBase R.Goldau"]
[SourceDate "2000.03.01"]
[TimeControl "40/5400+30:1800+30"]

1. d4 d5 2. Nf3 Nf6 3. c4 e6 4. Bg5 Be7 5. cxd5 exd5 6. e3 O-O 7. Bd3 Re8 8.
Nc3 c6 9. Qc2 Nbd7 10. h3 h6 11. Bf4 Nf8 12. O-O Ne6 13. Bh2 c5 14. dxc5 Bxc5 15. Nb5 Qe7 16. Rac1 Bd7 17. Nc7 Nxc7 18. Qxc5 Qxc5 19. Rxc5 Ne6 20. Rc2 Rac8 21. Rxc8 Rxc8 22. Rd1 Nc5 23. Bb1 Be6 24. Be5 Nfd7 25. Bd4 f6 26. Rc1 a5 27. Ne1 Rc6 28. g4 Kf7 29. f3 Ke7 30.
Rd1 Ne5 31. Kf2 b6 32. Ng2 g5 33. h4 Rc8 34. Kg3 Rg8 35. hxg5 hxg5 36. Rh1 Rg7 37. Rh6 Ncd7 38. b3 Nf7 39. Rh1 Rg8 40. Rc1 Nd6 41. Rc7 Rb8 42. Ne1 Nb5 43. Rc6 Na7 44. Rc1 Rc8 45. Rxc8 Nxc8 46. f4 Nd6 47. fxg5 fxg5 48. Nf3 Nf7 49. Bg6 Nc5 50. Bxf7 Bxf7 51. Nxg5 Bg6 52. a3 Nxb3 53. Bxb6 Kd6 54. Nf3 Be4 55. Nh4 Kc6 56. Bd8 Kd7 57.
Bf6 Nd2 58. Bc3 Nc4 59. Kf4 Ke6 60. g5 a4 61. Bb4 Ne5 62. Bc3 Nc4 63. Bb4 Ne5 64. Bc3 Nc4 65. g6 Nxa3 66. g7 Kf7 67. Nf5 Bxf5 68. Kxf5 Nc2 69. Ke5 Kg8 70. Bd4 Nxe3 1/2-1/2

[Event "Wch u20 girls"]
[Site "Kocaeli"]
[Date "2013.09.22"]
[Round "9.17"]
[White "Sviridova, Vlada"]
[Black "Kurbonboeva, Sarvinoz"]
[Result "1/2-1/2"]
[ECO "B70"]
[WhiteElo "2063"]
[BlackElo "2120"]
[PlyCount "97"]
[EventDate "2013.09.??"]
[EventType "swiss"]
[EventRounds "13"]
[EventCountry "TUR"]
[Source "CBase R.Goldau"]
[SourceDate "2000.03.01"]
[TimeControl "40/5400+30:1800+30"]

1. e4 c5 2. Nf3 g6 3. d4 cxd4 4. Nxd4 Nc6 5. Be2 Bg7 6. Nb3 Nf6 7. Nc3 d6 8. O-O O-O 9. Bg5 Be6 10. Kh1 Na5 11. f4 Rc8 12. f5 Bc4 13. Bd3 a6 14.
Qd2 b5 15. Bh6 Nc6 16. Bxg7 Kxg7 17. Bxc4 bxc4 18. Nd4 Qb6 19.
Nxc6 Qxc6 20. Nd5 c3 21. bxc3 Nxd5 22. exd5 Qxc3 23. Qe2 Qe5 24.
Rae1 Qxe2 25. Rxe2 Rfe8 26. h3 f6 27. fxg6 hxg6 28. Rf4 Rc5 29.
c4 Rc7 30. g4 g5 31. Rfe4 Kf7 32. Kg2 Rb8 33. Rc2 Rc5 34. Kg3 Rbc8 35. Rd4 Rh8 36. Rc3 Rhc8 37. Kf3 Ra5 38. Rd2 Rac5 39. Rdc2 e6 40. dxe6+ Kxe6 41. Ke4 f5+ 42. gxf5+ Rxf5 43. Rg3 Rcc5 44. Kd3 Ra5 45. Ke2 Rf4 46. c5 Rxc5 47. Rxc5 dxc5 48. Rxg5 Rh4 49. Rxc5 1/2-1/2

[Event "Wch u20 girls"]
[Site "Kocaeli"]
[Date "2013.09.22"]
[Round "9.18"]
[White "Nguyen, Thi Mai Hung"]
[Black "Monnisha, Gk"]
[Result "1-0"]
[ECO "A47"]
[WhiteElo "2225"]
[BlackElo "2094"]
[PlyCount "107"]
[EventDate "2013.09.??"]
[EventType "swiss"]
[EventRounds "13"]
[EventCountry "TUR"]
[Source "CBase R.Goldau"]
[SourceDate "2000.03.01"]
[TimeControl "40/5400+30:1800+30"]

1. d4 Nf6 2. Nf3 e6 3. e3 c5 4. Bd3 b6 5. O-O Bb7 6. Nbd2 Be7 7. b3 O-O 8. Bb2 Nc6 9. a3 Qc7 10. Qe2 d5 11. Ne5 a6 12. f4 b5 13.
dxc5 Nxe5 14. fxe5 Ne4 15. b4 Bg5 16. Rad1 Bc6 17. Kh1 Bh6 18.
Rf3 Nxd2 19. Qxd2 d4 20. Rh3 dxe3 21. Qe2 Rfd8 22. Qg4 Kh8 23.
Re1 a5 24. Rexe3 axb4 25. Reg3 Rg8 26. axb4 Qa7 27. Qf4 Qe7 28. Kg1 Ra2 29. Qd4 Qd8 30. Kf1 Qxd4 31. Bxd4 Rd8 32. Be3 Rxd3 33. cxd3 Bxe3 34. Rxe3 Bxg2+ 35. Ke1 Bxh3 36. Rxh3 Rb2 37. Rh4 g5 38. Rg4 h5 39. Rxg5 Rxb4 40. Rxh5+ Kg7 41. Kd2 Rb2+ 42. Kc3 Rb1 43. Rg5+ Kf8 44. Rg2 b4+ 45. Kc2 Ra1 46. Kb3 Ra3+ 47. Kc4 Rc3+ 48. Kd4 Rb3 49. h4 Rb1 50. h5 Rh1 51. c6 Ke7 52. Rg8 Rc1 53. h6 b3 54. h7 1-0

[Event "Wch u20 girls"]
[Site "Kocaeli"]
[Date "2013.09.22"]
[Round "9.19"]
[White "Vo, Thi Kim Phung"]
[Black "Liu, Hongyan"]
[Result "1-0"]
[ECO "D00"]
[WhiteElo "2219"]
[BlackElo "2065"]
[PlyCount "61"]
[EventDate "2013.09.??"]
[EventType "swiss"]
[EventRounds "13"]
[EventCountry "TUR"]
[Source "CBase R.Goldau"]
[SourceDate "2000.03.01"]
[TimeControl "40/5400+30:1800+30"]

1. d4 d5 2. Bf4 Nf6 3. e3 c5 4. Nc3 Nc6 5.
Nb5 e5 6. dxe5 Ne4 7. Qxd5 Qxd5 8. Nc7+ Kd8 9. Nxd5 g5 10. Bg3 Nxg3 11. hxg3 Nxe5 12. Rd1 Bd7 13. Nh3 Bxh3 14. Rxh3 Kc8 15. Rh5 h6 16. f4 Ng6 17. Bd3 Bd6 18. Bf5+ Kb8 19. Kf2 gxf4 20. gxf4 c4 21. g3 Bc5 22.
Nf6 Be7 23. Ng4 a6 24. Rxh6 Ka7 25. Rd7 Rhd8 26. Rxd8 Rxd8 27. Rh7 Bb4 28. Rxf7 Rd2+ 29. Kf3 Ne7 30. Be4 Bc5 31. Ne5 1-0

[Event "Wch u20 girls"]
[Site "Kocaeli"]
[Date "2013.09.22"]
[Round "9.20"]
[White "Petrova, Irina"]
[Black "Iwanow, Anna"]
[Result "1-0"]
[ECO "D98"]
[WhiteElo "2117"]
[BlackElo "2230"]
[PlyCount "109"]
[EventDate "2013.09.??"]
[EventType "swiss"]
[EventRounds "13"]
[EventCountry "TUR"]
[Source "CBase R.Goldau"]
[SourceDate "2000.03.01"]
[TimeControl "40/5400+30:1800+30"]

1. d4 Nf6 2. c4 g6 3. Nc3 d5 4. Nf3 Bg7 5. Qb3 dxc4 6. Qxc4 O-O 7. e4 Bg4 8. Be3 Nc6 9.
Rd1 Bxf3 10. gxf3 Nh5 11. Be2 e5 12. d5 Nd4 13. Nb5 Nxb5 14.
Qxb5 b6 15. Rc1 Nf4 16. Qc6 Ng2+ 17. Kd2 Nxe3 18. fxe3 Bh6 19.
h4 Qe7 20. Qxc7 Qb4+ 21. Qc3 Qd4+ 22. Qxd4 exd4 23. f4 Rfe8 24.
Kd3 dxe3 25. Rcf1 Rad8 26. h5 Bg7 27. hxg6 hxg6 28. f5 Bxb2 29.
fxg6 fxg6 30. Kxe3 Kg7 31. Kd3 Rc8 32. Rb1 Be5 33. Rbc1 Bd6 34.
Bg4 Rxc1 35. Rxc1 Kf6 36. Be6 Re7 37. Rf1+ Ke5 38. Bf7 Bc5 39. Bxg6 Kd6 40. Bf7 Kc7 41. Be6 Rg7 42. e5 Rg3+ 43. Kc4 Rg7 44.
d6+ Bxd6 45. Rf7+ Rxf7 46. exd6+ Kxd6 47. Bxf7 a6 48. Bd5 Kc7 49. Be4 Kb8 50. Kd5 Kc7 51. Bd3 b5 52. Kc5 Kb7 53. a3 Kc7 54.
Be4 Kd7 55. Bb7 1-0

[Event "Wch u20 girls"]
[Site "Kocaeli"]
[Date "2013.09.22"]
[Round "9.21"]
[White "Rakhmangulova, Anastasiya"]
[Black "Kuchava, Ana"]
[Result "1-0"]
[ECO "B30"]
[WhiteElo "2194"]
[BlackElo "2092"]
[PlyCount "53"]
[EventDate "2013.09.??"]
[EventType "swiss"]
[EventRounds "13"]
[EventCountry "TUR"]
[Source "CBase R.Goldau"]
[SourceDate "2000.03.01"]
[TimeControl "40/5400+30:1800+30"]

1. e4 c5 2. Nf3 e6 3. d3 Nc6 4. g3 d6 5. Bg2 Nf6 6. O-O Be7 7. Re1 O-O 8. c3 Bd7 9. d4 cxd4 10. cxd4 d5 11. e5 Ne4 12.
Nc3 Nxc3 13. bxc3 b5 14. Qd3 Na5 15. h4 h6 16. Nh2 Rc8 17. Bf4 Qc7 18. Rac1 Qc4 19. Qf3 Ba3 20. Ng4 Qc6 21. Nf6+ gxf6 22. Qg4+ Kh7 23. Qh5 f5 24. Qxh6+ Kg8 25. Bg5 f6 26. Qg6+ Kh8 27. exf6 1-0